 Dungeon Crawl Stone Soup version 0.29.1-1-gd02db6906a (webtiles) character file.

Game seed: 13378719726569747935

1769 fireball365 the Digger (level 8, -1/55 (59) HPs)
             Began as a Demigod Earth Elementalist on Oct 4, 2022.
             Slain by Edmund
             ... wielding a +2 flail of draining
              (9 damage)
             ... on level 6 of the Dungeon.
             The game lasted 00:51:54 (6141 turns).

fireball365 the Digger (Demigod Earth Elementalist) Turns: 6141, Time: 00:51:55

HP:   -1/55 (59)    AC: 19    Str: 13    XL:     8   Next: 50%
MP:   8/20          EV:  4    Int: 21    God:
Gold: 182           SH:  0    Dex: 18    Spells: 15/18 levels left

rFire   . . .      SeeInvis .   X - +12 hammer "Cufur" {speed, rPois}
rCold   . . .      Faith    .   (no shield)
rNeg    . . .      Spirit   .   R - +0 plate armour
rPois   +          Reflect  .   M - +2 helmet of the Farrier {Harm Drain rElec Will+++}
rElec   +          Harm     +   l - +2 cloak
rCorr   .          Rampage  .   (no gloves)
Will    ++++.                   n - +0 pair of boots
Stlth   ..........              c - amulet of regeneration
HPRegen 0.98/turn               i - +6 ring of strength
MPRegen 0.17/turn               x - ring of willpower

@: slightly contaminated, drained
A: high MP 1, forlorn, divine attributes, screaming 2, weak 1, evolution 1
a: no special abilities


You were on level 6 of the Dungeon.
You visited 1 branch of the dungeon, and saw 6 of its levels.

You collected 384 gold pieces.
You spent 202 gold pieces at shops.

Inventory:

Hand Weapons
 h - a +3 vorpal long sword
 v - a +2 war axe of freezing
 w - a +4 short sword of draining
 z - a +2 whip of draining
 B - a +0 whip of draining
 I - a +1 scythe of pain
 N - a +0 vorpal flail
 T - a +2 quarterstaff of chaos
 X - the +12 hammer "Cufur" (weapon) {speed, rPois}
   (You found it on level 5 of the Dungeon)

   Attacks with this weapon are significantly faster.
   rPois:     It protects you from poison.
 Z - the +9 hand axe "Reseg" {drain, MP+9 Stlth+}
   (You found it on level 5 of the Dungeon)

   A truly terrible weapon, it drains the life of any living foe it strikes.
   MP:        It affects your magic capacity (+9).
   Stlth:     It makes you more stealthy.
Missiles
 j - 38 stones
 A - 4 poisoned darts
 K - a throwing net
Armour
 g - a +0 helmet
 k - a +2 ring mail of willpower
 l - a +2 cloak (worn)
 m - +0 swamp dragon scales
 n - a +0 pair of boots (worn)
 p - a +0 helmet of intelligence
 q - a +0 scale mail
 u - a +0 chain mail
 G - a +0 chain mail
 M - the +2 helmet of the Farrier (worn) {Harm Drain rElec Will+++}
   (You took it off Robin on level 3 of the Dungeon)

   rElec:     It insulates you from electricity.
   Drain:     It drains your maximum health when unequipped.
   Harm:      It increases damage dealt and taken.
   Will:      It greatly increases your willpower.
 R - a +0 plate armour (worn)
 W - a +0 chain mail
Magical Staves
 e - a staff of fire
 o - a staff of air
Jewellery
 c - an amulet of regeneration (around neck)
 i - a +6 ring of strength (left hand)
 s - a ring of flight
 x - a ring of willpower (right hand)
Wands
 a - a wand of paralysis (8)
 J - a wand of flame (14)
 Q - a wand of quicksilver (4)
Scrolls
 f - a scroll of poison
 H - 4 scrolls of teleportation
 Y - 3 scrolls of amnesia
Potions
 b - a potion of flight
 d - 2 potions of lignification {unknown}
 r - a potion of curing
 t - 2 potions of attraction


   Skills:
 + Level 1.0 Fighting
 + Level 1.0 Maces & Flails
 + Level 3.4 Armour
 + Level 2.5 Dodging
 + Level 2.5 Stealth
 + Level 5.7 Spellcasting
 + Level 0.8 Transmutations
 + Level 7.2 Earth Magic
 + Level 1.0 Evocations


You had 15 spell levels left.
You knew the following spells:

 Your Spells              Type           Power      Damage    Failure   Level
a - Sandblast             Erth           72%        2d16      54%         1
b - Static Discharge      Conj/Air       6%         3-4/arc   100%        2

Your spell library contained the following spells:

 Spells                   Type           Power      Damage    Failure   Level
 Passwall                 Tmut/Erth      19%        N/A       98%         2
 Ensorcelled Hibernation  Hex/Ice        12%        N/A       100%        2
 Spider Form              Tmut/Pois      7%         N/A       100%        3
 Stone Arrow              Conj/Erth      42%        3d9       100%        3
 Anguish                  Hex/Necr       3%         N/A       100%        4
 Dispel Undead            Necr           6%         3d8       100%        4
 Petrify                  Tmut/Erth      23%        N/A       100%        4
 Sticky Flame             Conj/Fire      6%         2d3       100%        4


Dungeon Overview and Level Annotations

Branches:
Dungeon (6/15)
 Temple: D:4-7

Shops:
D:1 *   D:5 [   D:6 *

Annotations:
D:6 Edmund


Innate Abilities, Weirdness & Mutations

You have an increased reservoir of magic. (+10% MP)
You shall have no god before yourself.
Your divine heritage dramatically boosts your attributes as you level up.
You frequently scream uncontrollably at your foes.
You are weak. (Str -2)
You have hidden genetic potential.


Message History

The bolt of dispelling energy misses the iguana.
The bolt of dispelling energy misses the phantom.
The iguana bites you but does no damage.
Aiming: Quicksilver Bolt
Press: ? - help, Q - select action, (/) - cycle Shift-Dir - straight line, f/p - phantom
Aim: a phantom (60% to hit)
The bolt of dispelling energy hits the iguana!
The iguana is almost dead.
The bolt of dispelling energy hits the phantom!
The phantom is severely damaged.
The iguana bites you.
You sock the iguana!
You kill the iguana!
You sock the phantom!
You destroy the phantom!
Edmund the Younger comes into view.
He is wielding a +2 flail of draining.
You scream at Edmund!
Your Evocations skill increases to level 1!
You sock something! Your punch misses something. Something hits you.
You barely miss something.
You hear some strange, mumbled words.
A puff of flame appears from out of thin air!
The puff of flame hits you.
You barely miss something. Something hits you but does no damage.
You closely miss something.
Edmund says, "People accused me of being a cutpurse!"
You hear some strange, mumbled words.
Something tries to affect you, but you resist.
You sock something!
Reactivating autopickup.
You feel a bit more experienced.
Edmund drinks a potion.
Edmund goes berserk!
Your Maces & Flails skill increases to level 1!
Items here: )))) [[ ††.
You barely miss Edmund. Edmund hits you but does no damage.
You feel drained.
You hit Edmund.
Edmund is lightly wounded.
Edmund hits you with a +2 flail of draining!
* * * LOW HITPOINT WARNING * * *
You feel drained.
You die...

..........##.... <..#
#...............# #..[#.
##......#####...# .....
####....# ###...##...# .
#.......###.#........#..
........##....#.........
...#...†.....# #........
..##.##.....####........
###...........##@##..###
#.............@.# .#
#..............##
#...............#
#............#..#
###>........##...#
###..#.....#####.#
#....##..### [#
###........# ..


You could see Edmund (berserk).

Vanquished Creatures
  Maggie (D:6)
  Sigmund (D:4)
  Eustachio (D:6)
  A water moccasin (D:6)
  2 black bears (D:5)
  2 phantoms (D:6)
  A necrophage (D:5)
  2 scorpions
  A hound (D:4)
  2 jellies (D:5)
  Crazy Yiuf (D:5)
  An orc priest (D:4)
  A gnoll bouda (D:5)
  4 iguanas
  2 orc wizards
  Robin (D:3)
  8 gnolls (D:5)
  6 adders
  An ufetubus (D:5)
  A worm (D:3)
  2 dart slugs
  10 orcs
  18 endoplasms
  6 giant cockroaches
  12 goblins
  10 hobgoblins
  8 kobolds
  5 quokkas
  9 ball pythons
  3 bats
  A frilled lizard (D:1)
  3 rats
127 creatures vanquished.

Vanquished Creatures (others)
  12 withered plants (D:6)
12 creatures vanquished.

Grand Total: 139 creatures vanquished

Notes
Turn   | Place    | Note
-------+----------+-------------------------------------------
     0 | D:1      | fireball365 the Demigod Earth Elementalist began the quest
                  | for the Orb.
     0 | D:1      | Reached XP level 1. HP: 14/14 MP: 5/5
    82 | D:1      | Found Seazisun's General Store.
   251 | D:1      | Reached skill level 3 in Earth Magic
   301 | D:1      | Reached XP level 2. HP: 17/20 MP: 1/7
  1222 | D:2      | Reached XP level 3. HP: 22/26 MP: 5/8
  1845 | D:3      | Reached skill level 1 in Armour
  1955 | D:3      | Identified the +2 helmet of the Farrier {Harm Drain rElec
                  | Will+++}
  1955 | D:3      | Noticed Robin
  1969 | D:3      | Killed Robin
  1970 | D:3      | Reached XP level 4. HP: 24/33 MP: 7/10
  2048 | D:3      | Reached skill level 4 in Earth Magic
  3053 | D:4      | Reached XP level 5. HP: 38/38 MP: 9/12
  3056 | D:4      | Learned a level 2 spell: Static Discharge
  3577 | D:4      | Reached XP level 6. HP: 9/45 MP: 7/13
  3600 | D:4      | Noticed Sigmund
  3615 | D:4      | Killed Sigmund
  3616 | D:4      | Reached skill level 5 in Earth Magic
  3938 | D:5      | Entered Level 5 of the Dungeon
  4269 | D:5      | Found Rifysaga's Antique Armour Shoppe.
  4283 | D:5      | Bought a glowing helmet for 202 gold pieces
  4324 | D:5      | Reached XP level 7. HP: 18/50 MP: 7/16
  4474 | D:5      | Found a runed translucent door.
  4476 | D:5      | Noticed Crazy Yiuf
  4482 | D:5      | Killed Crazy Yiuf
  4488 | D:5      | Identified the +12 hammer "Cufur" {speed, rPois}
  4710 | D:5      | Reached skill level 6 in Earth Magic
  5317 | D:5      | Identified the +9 hand axe "Reseg" {drain, MP+9 Stlth+}
  5644 | D:6      | Reached XP level 8. HP: 58/58 MP: 12/18
  5676 | D:6      | Noticed Maggie
  5694 | D:6      | Killed Maggie
  5695 | D:6      | Reached skill level 5 in Spellcasting
  5732 | D:6      | Gained mutation: You occasionally shout uncontrollably at
                  | your foes. [potion of mutation]
  5732 | D:6      | Gained mutation: You frequently scream uncontrollably at
                  | your foes. [potion of mutation]
  5732 | D:6      | Gained mutation: You are weak. (Str -2) [potion of
                  | mutation]
  5732 | D:6      | Gained mutation: You have hidden genetic potential. [potion
                  | of mutation]
  5751 | D:6      | Found Jeukh's Lightly-Used Armoury.
  6014 | D:6      | Noticed Eustachio
  6024 | D:6      | Killed Eustachio
  6025 | D:6      | Reached skill level 7 in Earth Magic
  6124 | D:6      | Reached skill level 1 in Fighting
  6133 | D:6      | Noticed Edmund
  6134 | D:6      | Reached skill level 1 in Evocations
  6139 | D:6      | Reached skill level 1 in Maces & Flails
  6141 | D:6      | Slain by Edmund

Illustrated notes

Levels and vault maps discovered:
D:1:      dpeg_arrival_rooms_a, layout_basic, serial_shops, shop,
          basic_ecumenical_altar
D:2:      layout_loops_cross
D:3:      layout_loops_ring, nicolae_ru_great_annihilating_truth, uniq_robin
D:4:      layout_rooms, uniq_sigmund
D:5:      layout_basic, serial_shops, nicolae_lakefront_shop,
          uniq_crazy_yiuf_cottage
D:6:      layout_cave_pools, kiku_gazebo_garden_becter, minmay_shop_damaged,
          uniq_eustachio, uniq_edmund, uniq_maggie

Skill      XL: |  1  2  3  4  5  6  7  8 |
---------------+-------------------------+-----
Dodging        | 2 |  2.5
Earth Magic    | 3 4 5 6 7 |  7.2
Spellcasting   | 2 3 4 5 |  5.7
Armour         | 1 2 3 |  3.4
Stealth        | 2 |  2.5
Fighting       | 1 |  1.0
Evocations     | 1 |  1.0
Maces & Flails | 1 |  1.0
Transmutations | |  0.8

Action                   |  1- 3 |  4- 6 |  7- 9 || total
-------------------------+-------+-------+-------++-------
Melee: Short sword       |     3 |     9 |       ||    12
       Staff             |     1 |       |       ||     1
       Mace              |       |       |    60 ||    60
       Punch             |       |       |     3 ||     3
 Cast: Sandblast         |    61 |    70 |    46 ||   177
Evoke: Wand              |       |     8 |     5 ||    13
  Use: Scroll            |     3 |     4 |     2 ||     9
       Potion            |     3 |     4 |     4 ||    11
 Stab: Sleeping          |     1 |       |       ||     1
Armor: Robe              |     4 |       |       ||     4
       Ring mail         |    12 |    34 |     8 ||    54
       Plate armour      |       |       |    31 ||    31
Dodge: Dodged            |    23 |    42 |    18 ||    83
